AoeStats
← Elmp5

Arena

509519308Analyzed
1v1 RM · 4d ago on Sep 27, 2026· 53m 41s· 2 players
Game mode
Random Map
Map size
Tiny (2 player)
Population
200
Speed
Normal
Resources
Standard
Victory
Conquest
Starting age
Dark Age
Ending age
Imperial Age
RankedLock teamsTeams togetherTeam positionsShared explorationLock speedFull tech treeHidden civsTurbo modeCheats
Victory
Defeat
🇨🇦 Danes · Canada
896
+14
🇨🇱 Italians · Chile
845
-14
Elmp5
3:31 Loom
3:44 Loom
12:13 Feudal Age
16:29 Castle Age
15:04 Horse Collar
16:47 Double-Bit Axe
20:22 Heavy Plow
21:34 Bow Saw
24:14 Loom
26:40 Wheelbarrow
25:51 Town Watch
26:30 Ballistics
31:28 Imperial Age
28:54 Gold Mining
28:56 Stone Mining
29:46 Padded Archer Armor
29:37 Fletching
30:13 Hand Cart
31:03 Town Patrol
32:34 Leather Archer Armor
32:15 Bodkin Arrow
33:28 Chemistry
31:57 Elite Genoese Crossbowman
32:04 Capped Ram
36:55 Murder Holes
37:59 Light Cavalry
38:50 Bloodlines
39:31 Forging
39:23 Scale Mail Armor
39:29 Scale Barding Armor
38:58 Hussar
40:04 Heated Shot
49:28 Cavalier
50:09 Husbandry
50:32 Chain Barding Armor
50:48 Iron Casting
50:28 Chain Mail Armor
52:33 Plate Barding Armor
Prince_of_Persia
2:54 Loom
10:11 Feudal Age
11:41 Double-Bit Axe
12:42 Town Watch
16:05 Castle Age
13:56 Horse Collar
14:25 Double-Bit Axe
15:48 Wheelbarrow
15:37 Forging
16:00 Fletching
17:57 Iron Casting
18:44 Heavy Plow
21:44 Gold Mining
25:06 Scale Mail Armor
27:06 Gambesons
27:22 Squires
28:42 Ballistics
28:57 Masonry
29:09 Bodkin Arrow
29:51 Bow Saw
30:01 Chain Mail Armor
33:55 Imperial Age
32:24 Padded Archer Armor
31:56 Hamask
32:42 Elite Skirmisher
34:01 Leather Archer Armor
35:43 Chemistry
35:25 Ring Archer Armor
37:31 Blast Furnace
36:59 Conscription
40:05 Hoardings
46:36 Pikeman
52:20 Northmen's Fury
53:07 Cranequins
54:17 Siege Engineers
Connection lost

Rejoining the realm…

Still unreachable

The connection could not be restored.

Session expired

The server has moved on; the page needs a fresh start.